 Dungeon Crawl Stone Soup version 0.27.1-33-g824d729ab1 (webtiles) character file.

Game seed: 13220536970707096243

121 jlumianski the Ducker (level 5, 0/47 HPs)
             Began as a Gnoll Monk on Dec 26, 2021.
             Slain by Grinder (2 damage)
             ... on level 3 of the Dungeon.
             The game lasted 00:13:10 (2517 turns).

jlumianski the Ducker (Gnoll Monk)                  Turns: 2517, Time: 00:13:10

Health: 0/47       AC:  3    Str:  9 (12) XL:     5   Next: 5%
Magic:  6/6        EV: 13    Int:  6 (9)  God:
Gold:   84         SH:  0    Dex: 11 (14) Spells: 6/6 levels left

rFire    . . .     SeeInvis .   a - +0 hand axe
rCold    . . .     Faith    .   (no shield)
rNeg     . . .     Spirit   .   e - +0 leather armour
rPois    .         Reflect  .   (no helmet)
rElec    .         Harm     .   (no cloak)
rCorr    .         Rampage  .   (no gloves)
Will     .....                  (no boots)
Stlth    ++........             (no amulet)
HPRegen  0.15/turn              (no ring)
MPRegen  0.10/turn              (no ring)

@: no status effects
A: fangs 1, strong nose, distributed training
a: no special abilities


You were on level 3 of the Dungeon.
You visited 1 branch of the dungeon, and saw 3 of its levels.

You collected 84 gold pieces.

Inventory:

Hand Weapons
 a - a +0 hand axe (weapon)
 d - a +0 hunting sling
Missiles
 c - 83 stones (quivered)
 g - 8 sling bullets
 h - 14 arrows
Armour
 b - a +0 robe
 e - a +0 leather armour (worn)
Magical Staves
 f - a staff of fire
Scrolls
 l - a scroll of magic mapping
 o - a scroll of blinking {unknown}
 p - a scroll of noise {unknown}
 s - a scroll of enchant weapon {unknown}
Potions
 i - a potion of haste
 j - a potion of flight
 k - a potion of brilliance
 q - a potion of lignification {unknown}
 r - a potion of curing {unknown}


   Skills:
 + Level 6.6 Fighting
 + Level 1.3 Short Blades
 + Level 1.3 Long Blades
 + Level 6.6 Axes
 + Level 1.3 Maces & Flails
 + Level 1.3 Polearms
 + Level 1.3 Staves
 + Level 1.3 Slings
 + Level 1.3 Bows
 + Level 1.3 Crossbows
 + Level 1.3 Throwing
 + Level 1.3 Armour
 + Level 6.6 Dodging
 + Level 4.3 Stealth
 + Level 1.3 Shields
 + Level 1.3 Unarmed Combat
 + Level 1.3 Spellcasting
 + Level 1.0 Conjurations
 + Level 1.0 Hexes
 + Level 1.0 Summonings
 + Level 1.0 Necromancy
 + Level 1.0 Translocations
 + Level 1.0 Transmutations
 + Level 1.0 Fire Magic
 + Level 1.0 Ice Magic
 + Level 1.0 Air Magic
 + Level 1.0 Earth Magic
 + Level 1.0 Poison Magic
 + Level 1.4 Invocations
 + Level 1.3 Evocations


You had 6 spell levels left.
You didn't know any spells.
Your spell library was empty.

Dungeon Overview and Level Annotations

Branches:
Dungeon (3/15)

Altars:
Kikubaaqudgha
Makhleb

Annotations:
D:3 Grinder


Innate Abilities, Weirdness & Mutations

You have very sharp teeth.
Your uncanny sense of smell can sniff out nearby items.
Your experience applies equally to all skills.


Message History

Grinder says, "You look like you could use a good racking."
Grinder gestures at you. Pain shoots through your body!
* * * LOW HITPOINT WARNING * * *
It was a potion of heal wounds.
You feel much better. Grinder hits you.
You writhe in agony.
You hit Grinder but do no damage.
Grinder is moderately wounded.
Grinder closely misses you.
You hit Grinder but do no damage.
Grinder is moderately wounded.
Grinder hits you.
You writhe in agony.
You hit Grinder but do no damage.
Grinder is moderately wounded.
Grinder hits you!
You writhe in agony.
* * * LOW HITPOINT WARNING * * *
You barely miss Grinder.
Grinder is moderately wounded.
Grinder barely misses you.
You barely miss Grinder. Your bite misses Grinder.
Grinder is moderately wounded.
Grinder hits you.
* * * LOW HITPOINT WARNING * * *
You writhe in agony.
* * * LOW HITPOINT WARNING * * *
You hit Grinder. Your bite misses Grinder.
Grinder is moderately wounded.
Grinder gestures at you.
You suddenly lose the ability to move!
Grinder says, "I used to sell toenails on the black market."
Grinder blinks!
Grinder hits you but does no damage. x2
Grinder barely misses you.
You can move again.
You barely miss Grinder.
Grinder is moderately wounded.
Grinder hits you!
* * * LOW HITPOINT WARNING * * *
You writhe in agony.
You die...

######......# .#
............# .#
.#####...†..###.#####
###.##.........# ∆
#.##.........#
#..#.........#
##...........#
#####..........#
###........@.....#
######...###....5.......
.......### ##.........#.
######## #...........
#..........#
.....####.## .......# .#
......... #


You could see Grinder.

Vanquished Creatures
  An orc priest (D:3)
  An orc wizard (D:3)
  An adder (D:2)
  2 worms
  A dart slug (D:2)
  An orc (D:3)
  4 ball pythons
  5 bats
  10 endoplasms
  A giant cockroach (D:1)
  3 goblins
  6 hobgoblins
  2 kobolds (D:2)
  3 quokkas
  2 frilled lizards
  2 rats
45 creatures vanquished.

Notes
Turn   | Place    | Note
-------+----------+-------------------------------------------
     0 | D:1      | jlumianski the Gnoll Monk began the quest for the Orb.
     0 | D:1      | Reached XP level 1. HP: 23/23 MP: 1/1
   248 | D:1      | Reached XP level 2. HP: 29/29 MP: 2/2
   856 | D:2      | Reached XP level 3. HP: 20/35 MP: 3/3
  1491 | D:2      | Reached skill level 1 in Invocations
  1724 | D:2      | Found a faded altar of an unknown god.
  1796 | D:3      | Reached skill level 1 in Short Blades
  1796 | D:3      | Reached skill level 1 in Long Blades
  1796 | D:3      | Reached skill level 1 in Maces & Flails
  1796 | D:3      | Reached skill level 1 in Polearms
  1796 | D:3      | Reached skill level 1 in Staves
  1796 | D:3      | Reached skill level 1 in Slings
  1796 | D:3      | Reached skill level 1 in Bows
  1796 | D:3      | Reached skill level 1 in Crossbows
  1796 | D:3      | Reached skill level 1 in Throwing
  1796 | D:3      | Reached skill level 1 in Armour
  1796 | D:3      | Reached skill level 1 in Shields
  1796 | D:3      | Reached skill level 1 in Unarmed Combat
  1796 | D:3      | Reached skill level 1 in Spellcasting
  1796 | D:3      | Reached skill level 1 in Evocations
  1965 | D:3      | Found an ancient bone altar of Kikubaaqudgha.
  1965 | D:3      | Found a burning altar of Makhleb.
  2092 | D:3      | Reached XP level 4. HP: 41/41 MP: 5/5
  2225 | D:3      | Reached skill level 1 in Conjurations
  2225 | D:3      | Reached skill level 1 in Hexes
  2225 | D:3      | Reached skill level 1 in Summonings
  2225 | D:3      | Reached skill level 1 in Necromancy
  2225 | D:3      | Reached skill level 1 in Translocations
  2225 | D:3      | Reached skill level 1 in Transmutations
  2225 | D:3      | Reached skill level 1 in Fire Magic
  2225 | D:3      | Reached skill level 1 in Ice Magic
  2225 | D:3      | Reached skill level 1 in Air Magic
  2225 | D:3      | Reached skill level 1 in Earth Magic
  2225 | D:3      | Reached skill level 1 in Poison Magic
  2227 | D:3      | Reached XP level 5. HP: 18/47 MP: 6/6
  2477 | D:3      | Noticed Grinder
  2477 | D:3      | Paralysed by Grinder for 7 turns
  2492 | D:3      | Paralysed by Grinder for 4 turns
  2509 | D:3      | Paralysed by Grinder for 7 turns
  2517 | D:3      | HP: 2/47 [Grinder (8)]
  2517 | D:3      | Slain by Grinder

Illustrated notes

Levels and vault maps discovered:
D:1:      kilobyte_arrival_exit_the_forest, layout_rooms
D:2:      layout_basic, dilly_ecumenical_altar_fadedgnrine
D:3:      layout_rooms, gammafunk_temple_overflow_elements,
          nemelex_dance_club_becter, uniq_grinder

Skill      XL: |  1  2  3  4 |
---------------+-------------+-----
Invocations    | 1 |  1.4
Short Blades   | 1 |  1.3
Long Blades    | 1 |  1.3
Maces & Flails | 1 |  1.3
Polearms       | 1 |  1.3
Staves         | 1 |  1.3
Slings         | 1 |  1.3
Bows           | 1 |  1.3
Crossbows      | 1 |  1.3
Throwing       | 1 |  1.3
Armour         | 1 |  1.3
Shields        | 1 |  1.3
Unarmed Combat | 1 |  1.3
Spellcasting   | 1 |  1.3
Evocations     | 1 |  1.3
Conjurations   | 1 |  1.0
Hexes          | 1 |  1.0
Summonings     | 1 |  1.0
Necromancy     | 1 |  1.0
Translocations | 1 |  1.0
Transmutations | 1 |  1.0
Fire Magic     | 1 |  1.0
Ice Magic      | 1 |  1.0
Air Magic      | 1 |  1.0
Earth Magic    | 1 |  1.0
Poison Magic   | 1 |  1.0
Fighting       | |  6.6
Axes           | |  6.6
Dodging        | |  6.6
Stealth        | |  4.3

Action                   |  1- 3 |  4- 6 || total
-------------------------+-------+-------++-------
Melee: Hand axe          |    64 |    47 ||   111
       Bite              |     2 |     2 ||     4
 Fire: Hunting sling     |    43 |       ||    43
  Use: Scroll            |     5 |       ||     5
       Potion            |     1 |     2 ||     3
 Stab: Sleeping          |     3 |     2 ||     5
Armor: Robe              |     6 |       ||     6
       Leather armour    |    10 |     9 ||    19
Dodge: Dodged            |    57 |    24 ||    81
